 Dungeon Crawl Stone Soup version 0.31.0-32-g396128a36d (webtiles) character file.

Game seed: 6123537183694705960

114573 monsoonserge the Brawler (level 16, -6/112 HPs)
             Began as an Octopode Shapeshifter on Apr 11, 2024.
             Was an Initiate of Gozag.
             Killed from afar by a will-o-the-wisp (30 damage)
             ... with a foxfire
             ... on level 2 of the Swamp.
             The game lasted 01:57:55 (32057 turns).

monsoonserge the Brawler (Octopode Shapeshifter)   Turns: 32057, Time: 01:57:55

Health: -6/112     AC: 13    Str: 44    XL:     16   Next: 66%
Magic:  19/20      EV: 20    Int: 24    God:    Gozag
Gold:   805        SH:  0    Dex: 18    Spells: 6/21 levels left

rFire   . .          .
                       - Unarmed
rCold   . . .        (shield currently unavailable)
rNeg    + . .        R - +0 hat of Evolution {Int+2 SInv}
rPois   +            V - amulet "Udeupnuici" {Acrobat rC- rCorr Str+2 Int+8}
rElec   +            d - +4 ring of protection
rCorr   +            J - +6 ring of strength
SInv    +            c - ring "Jeudel" {rElec Str+6 Dex+3 Slay-4}
Will    +++..        k - +4 ring of protection
Stlth   +++++++      T - ring "Faturili" {Fly rC+ AC+4}
HPRegen 0.38/turn    Z - ring "Jaep" {rN+ Will++ Str+6 Dex+2}
MPRegen 0.17/turn    Y - +6 ring of strength
                     r - ring of poison resistance

%: acrobat
@: blade tentacles, fugue, gold aura, flying, studying Short Blades
A: almost no armour, amphibious, 8 rings, camouflage 1, gelatinous body 1,
(nimble swimmer 1), tentacles
a: Begin Untransformation, Renounce Religion, Potion Petition, Call Merchant,
Bribe Branch


You were on level 2 of the Swamp.
You worshipped Gozag.
Gozag was pleased with you.
You had blades for main tentacles.
You visited 5 branches of the dungeon, and saw 25 of its levels.

You collected 9803 gold pieces.
You spent 5656 gold pieces at shops.
You paid 3342 gold pieces to Gozag.

Inventory:

Missiles
 o - 6 silver javelins
 H - 6 curare-tipped darts
 P - 4 throwing nets
Armour
 R - the +0 hat of Evolution (worn) {Int+2 SInv}
   (You found it on level 9 of the Dungeon)

   Int+2:     It affects your intelligence (+2).
   SInv:      It lets you see invisible.
Jewellery
 c - the ring "Jeudel" (on tentacle) {rElec Str+6 Dex+3 Slay-4}
   (You bought it in a shop on level 2 of the Orcish Mines)

   [ring of strength]

   Str+6:     It affects your strength (+6).
   Dex+3:     It affects your dexterity (+3).
   Slay-4:    It affects your accuracy & damage with ranged weapons and melee
   (-4).
   rElec:     It insulates you from electricity.
 d - a +4 ring of protection (left blade tentacle)
 k - a +4 ring of protection (on tentacle)
 r - a ring of poison resistance (on tentacle)
 y - a +4 ring of slaying
 J - a +6 ring of strength (right blade tentacle)
 N - a ring of willpower
 T - the ring "Faturili" (on tentacle) {Fly rC+ AC+4}
   (You bought it in a shop on level 8 of the Dungeon)

   [ring of protection]

   AC+4:      It affects your AC (+4).
   rC+:       It protects you from cold.
   Fly:       It grants you flight.
 U - a ring of protection from fire
 V - the amulet "Udeupnuici" (around mantle) {Acrobat rC- rCorr Str+2 Int+8}
   (You bought it in a shop on level 8 of the Dungeon)

   [amulet of the acrobat]

   Acrobat:   It increases your evasion while moving and waiting.
   Str+2:     It affects your strength (+2).
   Int+8:     It affects your intelligence (+8).
   rC-:       It makes you vulnerable to cold.
   rCorr:     It protects you from acid and corrosion.
 Y - a +6 ring of strength (on tentacle)
 Z - the ring "Jaep" (on tentacle) {rN+ Will++ Str+6 Dex+2}
   (You bought it in a shop on level 11 of the Dungeon)

   [ring of positive energy]

   Str+6:     It affects your strength (+6).
   Dex+2:     It affects your dexterity (+2).
   rN+:       It protects you from negative energy.
   Will++:    It greatly increases your willpower.
Talismans
 L - a blade talisman (active)
Wands
 i - a wand of polymorph (17)
 F - a wand of flame (17) (quivered)
 I - a wand of roots (14)
 O - a wand of charming (21)
 Q - a wand of light (1)
Scrolls
 f - 5 scrolls of fog
 g - 12 scrolls of teleportation
 h - 5 scrolls of fear
 m - a scroll of torment
 n - 3 scrolls of amnesia
 p - 3 scrolls of blinking
 s - a scroll of silence
 w - 5 scrolls of enchant armour
 x - 3 scrolls of revelation
 E - a scroll of poison
 K - 2 scrolls of summoning
 S - 2 scrolls of immolation
 X - 3 scrolls of vulnerability
Potions
 a - a potion of lignification
 b - a potion of enlightenment {unknown}
 e - 6 potions of haste {unknown}
 l - 4 potions of heal wounds
 q - 4 potions of invisibility
 t - 2 potions of degeneration {unknown}
 u - 2 potions of brilliance {unknown}
 v - 3 potions of attraction {unknown}
 z - 9 potions of curing
 A - 3 potions of might
 C - 4 potions of mutation
 D - a potion of magic {unknown}
 G - 5 potions of ambrosia {unknown}
 M - a potion of cancellation {unknown}
 W - 3 potions of resistance
Miscellaneous
 j - a box of beasts
 B - a tin of tremorstones (2/2)


   Skills:
 + Level 11.0 Fighting
 - Level 2.7 Short Blades
 + Level 10.9 Dodging
 - Level 13.7 Stealth
 * Level 15.8 Unarmed Combat
 + Level 3.2 Spellcasting
 * Level 1.7 Hexes
 - Level 4.0 Necromancy
 - Level 3.0 Translocations
 - Level 6.0 Alchemy
 + Level 7.5 Evocations
 * Level 13.3 Shapeshifting


You had 6 spell levels left.
You knew the following spells:

 Your Spells              Type           Power      Damage    Failure   Level
a - Blink                 Tloc           36%        N/A       4%          2
b - Lesser Beckoning      Tloc           36%        N/A       4%          2
c - Fugue of the Fallen   Necr           23%        N/A       6%          3
d - Olgreb's Toxic Radia  Alch           32%        N/A       9%          4
e - Cause Fear            Hex            6%         N/A       45%         4

Your spell library contained the following spells:

 Spells                   Type           Power      Damage    Failure   Level
 Sting                    Conj/Alch      72%        1d7       3%          1
 Mercury Vapours          Alch/Air       36%        N/A       4%          2
 Momentum Strike          Conj/Tloc      22%        3d8       9%          2
 Freeze                   Ice            12%        1d3       11%         1
 Magic Dart               Conj           12%        1d3       11%         1
 Shock                    Conj/Air       12%        1d3       11%         1
 Ensorcelled Hibernation  Hex/Ice        16%        N/A       11%         2
 Call Imp                 Summ           6%         N/A       16%         2
 Static Discharge         Conj/Air       6%         3-4/arc   16%         2
 Manifold Assault         Tloc           18%        N/A       30%         4
 Frozen Ramparts          Ice            6%         1d1       32%         3
 Hailstorm                Conj/Ice       3%         3d5       32%         3
 Ozocubu's Armour         Ice            3%         N/A       32%         3
 Swiftness                Air            3%         N/A       32%         3
 Anguish                  Hex/Necr       8%         N/A       32%         4
 Airstrike                Air            1%         2d(1-17)  71%         4
 Summon Lightning Spire   Summ/Air       3%         N/A       71%         4
 Enfeeble                 Hex            6%         N/A       100%        7
 Haunt                    Necr/Summ      6%         N/A       100%        7
 Infestation              Necr           11%        N/A       100%        8
 Animate Dead             Necr           Unusable   N/A       N/A         4

Dungeon Overview and Level Annotations

Branches:
Dungeon (15/15)            Temple (1/1) D:5            Lair (5/5) D:8
  Swamp (2/4) Lair:3       Spider (0/4) Lair:3        Slime (0/5) Lair:4
    Orc (2/2) D:9             Elf (0/3) Orc:2        Vaults (0/5) D:14
 Depths (0/4) D:15

Altars:
Ashenzari
Cheibriados
Dithmenos
Elyvilon
Fedhas
Gozag
Hepliaklqana
Kikubaaqudgha
Makhleb
Nemelex Xobeh
Okawaru
Qazlal
Ru
Sif Muna
Trog
Uskayaw
Vehumet
Wu Jian
Xom
Yredelemnul
Zin
The Shining One
Jiyva
Lugonu

Shops:
D:8 **=   D:9 *(:   D:11 =   Orc:2 :!*(

Portals:
Abyss: Lair:5
Trove: D:14 (give +7 demon trident)


Innate Abilities, Weirdness & Mutations

You have blades for main tentacles.
You are incapable of wielding weapons or throwing items.
You cannot wear most types of armour.
You are amphibious.
You can wear up to eight rings at the same time.
Your skin changes colour to match your surroundings (Stealth+).
Your rubbery body absorbs attacks. (AC +1, EV +1)
((You are camouflaged when in or above water. (Stealth+)))
You have tentacles for arms and can constrict up to eight enemies at once.


Message History

The vampire mosquito bites you. 2 foxfires come into view.
You barely miss the bunyip. Your slash misses the bunyip.
The bunyip is heavily wounded.
The vampire mosquito barely misses you.
Unknown command.
You shred the bunyip!!!
You kill the bunyip!
The wailing of tortured souls fills the air!
The foxfire hits you. The foxfire hits you!!
* * * LOW HITPOINT WARNING * * *
The vampire mosquito completely misses you.
The vampire mosquito bites you.
* * * LOW HITPOINT WARNING * * *
Your Fighting skill increases to level 11!
You slash the vampire mosquito! Your grab misses the vampire mosquito.
Your slash misses the vampire mosquito.
The vampire mosquito is heavily damaged.
The will-o-the-wisp gestures.
The will-o-the-wisp conjures some marshlight!
The vampire mosquito bites you!
* * * LOW HITPOINT WARNING * * *
2 foxfires come into view.
You shred the vampire mosquito!!!
You destroy the vampire mosquito!
The will-o-the-wisp gestures.
The will-o-the-wisp conjures some marshlight! 2 foxfires come into view.
Unknown command.
You feel much better. The foxfire hits you. The foxfire hits you!
The foxfire hits you.
* * * LOW HITPOINT WARNING * * *
The foxfire hits you!!
* * * LOW HITPOINT WARNING * * *
The will-o-the-wisp gestures.
The will-o-the-wisp conjures some marshlight! 2 foxfires come into view.
You feel much better. The foxfire hits you!!
You die...
Your body crumbles into a pile of gold.

~§~~~... ~§~~.. ♣~..♣
..~~~~♣ ♣...>~♣♣♣~...♣
~♣..♣♣≈ ♣.♣.~~~.♣~~~.~
<~♣.♣≈≈ ♣§♣~.~~~.~~~..
!.♣.♣♣≈≈ ♣♣>§v~..~.....~
$...§♣♣≈♣♣.~§v§.........
~~~~~v♣♣..~~§§§§.~~~.~~§
~~§~§~....~~~§§v§$~~~~~~
..~~§§~~~.$~~>§§@~~~~~~.
♣♣♣..§.~...§..$$$$~~~..~
♣♣~♣~♣♣~~♣$?.~~~~~~~§~
♣♣♣♣♣♣♣♣.....~..§~...
♣~.~~.~~..~~~.
♣♣.....♣§~[.~~
~~...♣♣~..~~~ ♣♣.~♣♣♣
♣...~~ ♣...


You could see a will-o-the-wisp.

Vanquished Creatures
  Jorgrun (D:14)
  A thorn hunter (Lair:3)
  A fenstrider witch (Swamp:1)
  A stone giant (D:15)
  An eleionoma (Swamp:2)
  2 bunyips (Swamp:2)
  An ettin (Orc:2)
  A fire dragon (D:15)
  7 hydras
  A vault guard (D:15)
  An alligator (Swamp:2)
  An ogre mage (D:15)
  4 boulder beetles
  5 centaur warriors
  5 two-headed ogres
  A dancing weapon (D:14)
  A tengu warrior (D:13)
  5 death yaks
  4 occultists (D:13)
  4 thrashing horrors (Lair:5)
  The ghost of Ehoxets the Nimble, a journeyman FeSh of Cheibriados (Orc:1)
  5 skeletal warriors
  5 goliath frogs (Swamp:1)
  2 spriggan druids (Swamp:1)
  A swamp dragon (Swamp:2)
  2 bog bodies (Swamp:1)
  A large abomination (Lair:5)
  8 arcanists (D:13)
  6 deep elf pyromancers
  An oklob plant (Lair:3)
  2 deep elf zephyrmancers
  5 orc knights
  An orc sorcerer (D:13)
  15 ugly things
  6 cyclopes
  12 elephants
  A will-o-the-wisp (Swamp:2)
  A manticore (D:13)
  6 black mambas
  2 kobold blastminers (Orc:2)
  Maggie (D:10)
  11 cane toads
  A cane toad (shapeshifter) (Lair:5)
  A torpor snail (Lair:1)
  A gargoyle (D:13)
  3 smoke demons (Lair:5)
  Jeremiah (D:9)
  A rime drake (Lair:2)
  An efreet (D:14)
  6 komodo dragons
  2 bloated husks (Swamp:1)
  3 tengu conjurers
  3 trolls
  3 polar bears
  5 tyrant leeches
  4 hornets (Swamp:1)
  A raiju (Lair:5)
  33 blink frogs
  5 slime creatures (D:15)
  4 dream sheep (Lair:4)
  8 spriggans
  2 ynoxinuls (Lair:5)
  2 shadows
  14 small abominations (Lair:5)
  49 yaks
  5 wyverns
  2 wraiths
  5 basilisks
  13 vampire mosquitoes
  3 steam dragons
  8 swamp worms
  2 acid dragons
  6 water moccasins
  3 ice beasts
  46 orc warriors
  4 swamp drakes
  A sky beast (D:6)
  3 black bears
  An ice beast (shapeshifter) (D:15)
  2 laughing skulls (D:13)
  10 ogres
  10 wolves
  A phantom (D:4)
  28 centaurs
  3 kobold brigands
  Blork the orc (D:9)
  3 gnoll sergeants
  8 bullfrogs
  2 scorpions
  19 killer bees
  7 electric eels (Lair:3)
  3 howler monkeys
  A crimson imp (D:9)
  7 jellies
  22 orc priests
  3 hounds
  An iron imp (D:9)
  3 iguanas
  Jessica (D:2)
  2 sleepcaps
  Natasha (twice) (D:2)
  21 orc wizards
  12 hell rats
  Robin (D:2)
  17 gnolls
  6 adders
  A shadow imp (D:9)
  2 white imps
  2 ufetubi (D:6)
  2 dart slugs (D:2)
  120 orcs
  2 bats
  10 endoplasms
  6 giant cockroaches
  11 goblins
  6 hobgoblins
  2 jackals (D:4)
  23 kobolds
  4 quokkas
  7 ball pythons
  A frilled lizard (D:2)
  4 rats
797 creatures vanquished.

Vanquished Creatures (others)
  A bloated husk (Swamp:1)
  An orc wizard (Orc:2)
  10 foxfires (Swamp:2)
12 creatures vanquished.

Grand Total: 809 creatures vanquished

Notes
Turn   | Place    | Note
-------+----------+-------------------------------------------
     0 | D:1      | monsoonserge the Octopode Shapeshifter began the quest for
                  | the Orb.
     0 | D:1      | Reached XP level 1. HP: 13/13 MP: 1/1
   117 | D:1      | Reached skill level 1 in Stealth
   117 | D:1      | Reached XP level 2. HP: 18/18 MP: 2/2
   814 | D:2      | Reached XP level 3. HP: 24/24 MP: 3/3
   929 | D:2      | Noticed Natasha
   938 | D:2      | Killed Natasha
   939 | D:2      | Reached skill level 1 in Short Blades
  1015 | D:2      | Reached XP level 4. HP: 29/29 MP: 4/4
  1051 | D:2      | Noticed Jessica
  1057 | D:2      | Killed Jessica
  1058 | D:2      | Reached XP level 5. HP: 34/34 MP: 5/5
  1215 | D:2      | Noticed Natasha
  1222 | D:2      | Killed Natasha
  1631 | D:3      | Noticed Robin
  1639 | D:2      | Killed Robin
  2073 | D:3      | Reached XP level 6. HP: 33/41 MP: 6/6
  2151 | D:3      | Found an ornate altar of the Wu Jian Council.
  2151 | D:3      | Found a radiant altar of Vehumet.
  2151 | D:3      | Found a shimmering altar of Xom.
  2151 | D:3      | Found an ornate altar of the Wu Jian Council.
  2151 | D:3      | Found a snail-covered altar of Cheibriados.
  2151 | D:3      | Found a blossoming altar of Fedhas.
  2343 | D:3      | Found a sparkling altar of Nemelex Xobeh.
  2572 | D:4      | Noticed a black bear
  2577 | D:4      | Killed a black bear
  2597 | D:4      | Reached XP level 7. HP: 41/46 MP: 7/7
  2940 | D:4      | Reached skill level 5 in Shapeshifting
  2986 | D:5      | Entered Level 5 of the Dungeon
  3417 | D:5      | Found a staircase to the Ecumenical Temple.
  3446 | Temple   | Entered the Ecumenical Temple
  3451 | Temple   | Became a worshipper of Gozag Ym Sagoz the Greedy
  3527 | D:5      | Reached skill level 4 in Unarmed Combat
  3527 | D:5      | Reached XP level 8. HP: 20/52 MP: 8/8
  3774 | D:5      | Found a blossoming altar of Fedhas.
  4556 | D:6      | Found a white marble altar of Elyvilon.
  4618 | D:6      | Reached skill level 5 in Unarmed Combat
  4618 | D:6      | Reached skill level 1 in Evocations
  4927 | D:6      | Reached skill level 6 in Unarmed Combat
  5544 | D:6      | Found a shimmering blue altar of Sif Muna.
  5569 | D:6      | Reached XP level 9. HP: 54/56 MP: 9/9
  5576 | D:6      | Got Sif Muna's Monograph on Conjury
  5882 | D:7      | Found a glowing silver altar of Zin.
  6347 | D:7      | Reached skill level 7 in Unarmed Combat
  6867 | D:7      | Reached skill level 5 in Stealth
  7319 | D:8      | Reached skill level 8 in Unarmed Combat
  7325 | D:8      | Found a snail-covered altar of Cheibriados.
  7335 | D:8      | Reached XP level 10. HP: 39/63 MP: 10/10
  7634 | D:8      | Found a hazy altar of Hepliaklqana.
  7725 | D:8      | Found a staircase to the Lair.
  8319 | D:8      | Bought a +6 ring of strength for 504 gold pieces
  8493 | D:9      | Found Ruvum's Assorted Antiques.
  8544 | D:9      | Found a staircase to the Orcish Mines.
  8779 | D:9      | Reached skill level 5 in Dodging
  9071 | D:9      | Found Ure Zihy's Book Emporium.
  9310 | D:9      | Bought a book of Spatial Translocations for 270 gold pieces
  9313 | D:9      | Learned a level 2 spell: Blink
  9337 | D:9      | Noticed Jeremiah
  9372 | D:9      | Reached skill level 9 in Unarmed Combat
  9384 | D:9      | Reached skill level 5 in Fighting
  9438 | D:9      | Found Veteriorr's Antique Weapon Shoppe.
  9527 | D:9      | Noticed Blork the orc
  9543 | D:9      | Killed Blork the orc
  9691 | D:9      | Reached skill level 1 in Translocations
  9764 | D:9      | Noticed a deep elf zephyrmancer
  9773 | D:9      | Killed a deep elf zephyrmancer
  9784 | D:9      | Noticed a deep elf pyromancer
  9792 | D:9      | Killed a deep elf pyromancer
  9793 | D:9      | Reached skill level 1 in Spellcasting
  9793 | D:9      | Reached XP level 11. HP: 43/72 MP: 12/12
  9798 | D:9      | Identified the +0 hat of Evolution {Int+2 SInv}
 10158 | D:10     | Entered Level 10 of the Dungeon
 10481 | D:10     | Noticed a two-headed ogre
 10596 | D:10     | Noticed Maggie
 10600 | D:10     | Killed Maggie
 10609 | D:10     | Killed a two-headed ogre
 10943 | D:9      | Bought a scroll labelled WOL VOFALO for 22 gold pieces
 10943 | D:9      | Bought a small jade ring for 110 gold pieces
 10944 | D:9      | Bought a wand of charming (2) for 105 gold pieces
 11259 | D:10     | Noticed a centaur warrior
 11274 | D:10     | Killed a centaur warrior
 11275 | D:10     | Reached skill level 10 in Unarmed Combat
 11554 | D:10     | Noticed a two-headed ogre
 11560 | D:10     | Killed a two-headed ogre
 11644 | D:10     | Learned a level 2 spell: Lesser Beckoning
 11648 | D:10     | Learned a level 3 spell: Fugue of the Fallen
 11849 | D:11     | Reached skill level 1 in Necromancy
 11980 | D:11     | Identified the +3 leather armour "Arudeva" {Will+ rCorr}
 12108 | D:11     | Noticed a two-headed ogre
 12118 | D:11     | Killed a two-headed ogre
 12179 | D:11     | Reached skill level 10 in Shapeshifting
 12237 | D:11     | Noticed a cyclops
 12243 | D:11     | Killed a cyclops
 12301 | D:11     | Reached XP level 12. HP: 75/80 MP: 13/13
 12632 | Lair:1   | Entered Level 1 of the Lair of Beasts
 12824 | Lair:1   | Identified the +4 spear of Scorn {spect, Int+4}
 13395 | Lair:1   | Reached skill level 11 in Unarmed Combat
 15422 | D:8      | Bought an inky potion for 22 gold pieces
 15422 | D:8      | Bought a smoking tin ring for 125 gold pieces
 15422 | D:8      | Identified the ring "Faturili" {Fly rC+ AC+4} (You bought
                  | it in a shop on level 8 of the Dungeon)
 15422 | D:8      | Bought a scroll labelled YDOYXTAUSOG for 25 gold pieces
 15670 | Lair:3   | Noticed an eight-headed hydra
 15766 | D:8      | Bought the amulet "Udeupnuici" {Acrobat rC- rCorr Str+2
                  | Int+8} for 792 gold pieces
 15823 | Lair:3   | Found a staircase to the Swamp.
 15932 | Lair:3   | Found a hole to the Spider Nest.
 15933 | Lair:3   | Noticed a four-headed hydra
 15934 | Lair:3   | Noticed a six-headed hydra
 15951 | Lair:3   | Killed a four-headed hydra
 15952 | Lair:3   | Reached XP level 13. HP: 57/86 MP: 16/16
 16321 | Lair:2   | Reached skill level 10 in Stealth
 16321 | Lair:2   | Reached skill level 12 in Unarmed Combat
 17123 | Lair:3   | Reached skill level 5 in Evocations
 17618 | Lair:4   | Found a burning altar of Makhleb.
 18180 | Lair:4   | Found a viscous altar of Jiyva.
 18180 | Lair:4   | Found a staircase to the Slime Pits.
 18723 | Lair:5   | Entered Level 5 of the Lair of Beasts
 19170 | Lair:5   | Reached skill level 13 in Unarmed Combat
 19197 | Lair:5   | Learned a level 4 spell: Olgreb's Toxic Radiance
 19487 | Lair:5   | Reached skill level 1 in Alchemy
 19580 | Lair:4   | Reached XP level 14. HP: 24/95 MP: 17/17
 20869 | Lair:5   | Identified the +5 orcbow of the Valley {freeze, rPois rF++}
 21274 | Lair:5   | Found a corrupted altar of Lugonu.
 21274 | Lair:5   | Found a one-way gate to the infinite horrors of the Abyss.
 21658 | D:8      | Bought a tin of tremorstones (2/2) for 1000 gold pieces
 21939 | D:9      | Killed Jeremiah
 22543 | D:12     | You are sucked into a shaft and drop 1 floor!
 22553 | D:13     | Reached skill level 5 in Alchemy
 22872 | D:13     | Reached skill level 14 in Unarmed Combat
 23246 | D:12     | Identified a scroll of acquirement
 23247 | D:12     | Acquired 664 gold pieces
 23695 | D:11     | Bought the ring "Jaep" {rN+ Will++ Str+6 Dex+2} for 809
                  | gold pieces
 23788 | D:13     | Reached XP level 15. HP: 99/102 MP: 19/19
 24974 | D:15     | Entered Level 15 of the Dungeon
 25308 | D:15     | Reached skill level 10 in Fighting
 25560 | D:15     | Reached skill level 10 in Dodging
 25852 | D:14     | Found an ancient bone altar of Kikubaaqudgha.
 25895 | D:14     | Found a gate to the Vaults.
 26095 | D:14     | Noticed Jorgrun
 26103 | D:14     | Killed Jorgrun
 26265 | D:14     | Found a portal to a secret trove of treasure.
 26928 | D:15     | Found a staircase to the Depths.
 27272 | D:15     | Reached skill level 15 in Unarmed Combat
 28015 | Orc:1    | Entered Level 1 of the Orcish Mines
 28493 | Orc:1    | Found a runed translucent gate.
 28493 | Orc:1    | Found a runed translucent gate.
 28493 | Orc:1    | Found a runed translucent gate.
 28495 | Orc:1    | Found an opulent altar of Gozag.
 28498 | Orc:1    | Noticed Ehoxets's ghost (journeyman FeSh)
 28577 | Orc:2    | Entered Level 2 of the Orcish Mines
 28699 | Orc:2    | Reached XP level 16. HP: 110/110 MP: 13/20
 29340 | Orc:2    | Found a burning altar of Makhleb.
 29469 | Orc:2    | Found Cuaq's Antique Weapon Boutique.
 29470 | Orc:2    | Found Faostuerr's Distillery.
 29470 | Orc:2    | Found Bouklom's General Store.
 29486 | Orc:2    | Found Zoecseacs's Book Shoppe.
 29692 | Orc:2    | Bought the ring "Jeudel" {rElec Str+6 Dex+3 Slay-4} for 592
                  | gold pieces
 29904 | Orc:2    | Found a staircase to the Elven Halls.
 30001 | Orc:1    | Killed Ehoxets's ghost
 30221 | D:8      | Bought a box of beasts for 1000 gold pieces
 30548 | D:11     | Bought a ring of poison resistance for 280 gold pieces
 30698 | Swamp:1  | Entered Level 1 of the Swamp
 30705 | Swamp:1  | Noticed a thorn hunter
 30832 | Lair:3   | Killed a thorn hunter
 31717 | Swamp:1  | Noticed a fenstrider witch
 31727 | Swamp:1  | Killed a fenstrider witch
 31752 | Swamp:1  | Learned a level 4 spell: Cause Fear
 32015 | Swamp:2  | Reached skill level 1 in Hexes
 32057 | Swamp:2  | Killed from afar by a will-o-the-wisp

Illustrated notes

Levels and vault maps discovered:
D:1:      wander_arrival_peaceful_grave, layout_basic, minmay_hedge_maze
D:2:      layout_basic, uniq_jessica, uniq_natasha
D:3:      cheibrodos_fertilizer, layout_basic, nemelex_altar_shiori,
          minivault_4, uniq_robin
D:4:      layout_rooms
D:5:      layout_loops_corners, mainiacjoe_overflow_catwalk, temple_doors_e,
          nicolae_zig_zag_zippers
D:6:      layout_layer_cave, led_sif_book, mainiacjoe_overflow_alcove_1
D:7:      layout_loops_ring, zin_statuary, chequers_mini_garden
D:8:      layout_loops_ring, mainiacjoe_overflow_surrounded_room,
          cheibriados_altar_1
D:9:      layout_irregular_city, david_orc_5, serial_shops,
          nicolae_shop_temple_entry_statues_fountains, shop,
          nicolae_take_the_stairs, hangedman_minor_magic, uniq_jeremiah
D:10:     layout_loops_corners, patterned_corridor, uniq_maggie
D:11:     layout_loops_ring
D:12:     layout_basic
D:13:     minmay_tri_stars, layout_rooms
D:14:     layout_roguey [special_room_orc], erik_vaults_1,
          nicolae_kikubaaqudgha_miasma_corner, enter_trove_3, uniq_jorgrun
D:15:     grunt_enter_depths_giant_problem, layout_irregular_city,
          minmay_misc_feat_four_crosses, lemuel_flamethrower_3
Temple:   hellmonk_temple_of_storms
Lair:1:   layout_cave_pods
Lair:2:   layout_cave_pods
Lair:3:   layout_small_grid, minmay_swamp_entry_eels,
          spider_nest_entry_web_field, nicolae_quartered_pool_super
Lair:4:   layout_regular_city, dpeg_slime_entry_enclosed, basic_altar,
          grunt_megastairs_3
Lair:5:   hellmonk_lair_end_abyssal_woods, layout_cave_shapes
Swamp:1:  layout_basic_swamp, hangedman_swamp_blocks, swamp_pool_5,
          cheibrodos_swamp_witchery
Swamp:2:  layout_basic_swamp, ebering_ghost_xom, nicolae_swamp_stuck_in_the_mud,
          swamp_pool_3
Orc:1:    layout_caves, ebering_ghost_gozag
Orc:2:    st_orc_rangers, layout_caves, bloody_makhleb

Skill      XL: |  1  2  3  4  5  6  7  8  9 10 11 12 13 14 15 16 |
---------------+-------------------------------------------------+-----
Stealth        | 1 2 4 5 6 8 9 11 12 13 | 13.7
Fighting       | 2 3 4 5 6 7 8 9 10 11 | 11.0
Short Blades   | 1 2 |  2.7
Shapeshifting  | 4 6 7 8 9 10 11 12 13 | 13.3
Dodging        | 3 4 5 6 7 8 9 10 | 10.9
Unarmed Combat | 4 6 8 9 10 11 13 14 15 | 15.8
Evocations     | 1 2 3 4 5 6 7 |  7.5
Translocations | 2 3 |  3.0
Spellcasting   | 1 2 3 |  3.2
Necromancy     | 1 4 |  4.0
Alchemy        | 1 5 6 |  6.0
Hexes          | 1 |  1.7

Action                     |  1- 3 |  4- 6 |  7- 9 | 10-12 | 13-15 | 16-18 || total
---------------------------+-------+-------+-------+-------+-------+-------++-------
  Melee: Unarmed           |    19 |       |   229 |   601 |   877 |   185 ||  1911
         Tentacles         |    12 |    28 |    86 |   189 |   300 |    23 ||   638
         Constrict         |    10 |    28 |    67 |   105 |   128 |    24 ||   362
         Short sword       |    23 |   130 |    44 |       |       |       ||   197
         Punch             |     1 |     6 |     2 |     1 |     9 |    18 ||    37
  Throw: Javelin           |       |     1 |       |     1 |       |       ||     2
         Dart              |       |       |       |     6 |       |       ||     6
   Cast: Fugue of the Fall |       |       |       |       |    10 |     8 ||    18
         Blink             |       |       |       |       |     3 |       ||     3
         Olgreb's Toxic Ra |       |       |       |       |    24 |    21 ||    45
 Invoke: Call Merchant     |       |       |       |     2 |     1 |     1 ||     4
  Evoke: Wand              |       |       |       |    27 |     9 |     1 ||    37
    Use: Scroll            |       |       |       |     8 |    17 |       ||    25
         Potion            |       |       |       |     1 |     2 |     2 ||     5
   Stab: Sleeping          |     7 |     6 |     6 |     5 |     3 |    12 ||    39
         Distracted        |       |     2 |     1 |     5 |     8 |     2 ||    18
 Armour: Skin              |    15 |    32 |    97 |   221 |   402 |   117 ||   884
  Dodge: Dodged            |    12 |    56 |   186 |   415 |   707 |   168 ||  1544
  Block: Other             |       |       |       |    27 |       |       ||    27
   Form: Flux              |       |       |     2 |       |       |       ||     2
                           |       |       |     1 |       |       |       ||     1
         Blade             |       |       |       |       |     1 |       ||     1
